 Dungeon Crawl Stone Soup version 0.16-a0-269-gd5b6136 (webtiles) character file.

898 Mindmaker the Sneak (level 8, 0/46 HPs)
             Began as a Kobold Abyssal Knight on Aug 26, 2014.
             Was an Elder of Lugonu.
             Slain by l0ser140's ghost (19 damage)
             ... in an ossuary.
             The game lasted 00:30:51 (6110 turns).

Mindmaker the Sneak (Kobold Abyssal Knight)         Turns: 6110, Time: 00:30:52

HP   0/46        AC  8     Str 15      XL: 8   Next: 28%
MP  16/16        EV 25     Int 10      God: Lugonu [****..]
Gold 227         SH  7     Dex 23      Spells:  0 memorised,  7 levels left

rFire  . . .     SeeInvis .     a - +2 falchion (protect) (curse)
rCold  . . .     Clarity  .     k - +0 robe
rNeg   . . .     rCorr    .     e - +1 buckler
rPois  .         rRot     .     (no helmet)
rElec  .         Spirit   .     (no cloak)
SustAb .         Warding  .     s - +0 pair of gloves
rMut   .         Stasis   .     (no boots)
Gourm  .                        (no amulet)
MR     .....                    (no ring)
                                r - ring of invisibility

@: mighty, agile, lethally poisoned, not resistant to hostile enchantments,
quite stealthy
A: carnivore 3
a: Depart the Abyss, Bend Space, Banish, Corrupt, Renounce Religion, Evoke
Invisibility


You were in an ossuary.
You worshipped Lugonu.
Lugonu was greatly pleased with you.
You were full.

You visited 1 branch of the dungeon, and saw 6 of its levels.
You visited the Abyss 1 time.
You also visited: Ossuary.

You collected 227 gold pieces.

Inventory:

Hand weapons
 a - a cursed +2 falchion of protection (weapon)
 b - a cursed +1 dagger of venom
Armour
 e - a +1 buckler (worn)
 k - a +0 robe (worn)
 s - a +0 pair of gloves (worn)
Magical devices
 g - a wand of enslavement (11) {unknown}
Comestibles
 c - 2 meat rations
 d - 3 beef jerkies
 m - a slice of pizza
Scrolls
 h - a scroll of teleportation
 n - a scroll of remove curse
 o - 2 scrolls of enchant weapon
 p - 2 scrolls of identify
 q - 2 scrolls of fear
 u - a scroll of magic mapping
 w - a scroll of enchant armour
Jewellery
 r - a ring of invisibility (left hand)
Potions
 f - 2 potions of confusion
 i - 2 potions of agility
 j - a potion of curing
Books
 y - a book of Minor Magic

   Spells                             Type                      Level
   Magic Dart                         Conjuration                  1
   Blink                              Translocation                2
   Call Imp                           Summoning                    2
   Repel Missiles                     Charms/Air                   2
   Slow                               Hexes                        2
   Conjure Flame                      Conjuration/Fire             3
   Mephitic Cloud                     Conjuration/Poison/Air       3
 z - a book of the Warp

   Spells                             Type                      Level
   Control Teleport                   Charms/Translocation         4
   Phase Shift                        Translocation                5
   Warp Weapon                        Charms/Translocation         5
   Dispersal                          Translocation                6
   Controlled Blink                   Translocation                7
   Disjunction                        Translocation                8


   Skills:
 - Level 3.2 Fighting
 - Level 4.0 Short Blades
 - Level 0.7 Armour
 + Level 6.1 Dodging
 - Level 7.0 Stealth
 - Level 1.2 Shields
 - Level 2.0 Invocations
 - Level 6.0 Evocations


You had 7 spell levels left.
You didn't know any spells.

Dungeon Overview and Level Annotations

Branches:
Dungeon (6/15)             Temple (0/1) D:5

Altars:
Dithmenos
Fedhas
Gozag
Kikubaaqudgha
Makhleb
Sif Muna
Xom

Annotations:
D:3 Natasha Ossuary l0ser140's ghost, experienced OpIE


Innate Abilities, Weirdness & Mutations

You are small and have problems with some larger weapons.
You are carnivorous and can eat meat at any time.


Message History

You are poisoned.
The big kobold zombie closely misses you.
You barely miss l0ser140's ghost.
L0ser140's ghost is lightly damaged.
You feel sick. L0ser140's ghost misses you.
The big kobold zombie completely misses you.
You feel sick.
You barely miss l0ser140's ghost.
L0ser140's ghost is lightly damaged.
You block l0ser140's ghost's attack.
You slash l0ser140's ghost!
L0ser140's ghost is moderately damaged.
You feel sick.
L0ser140's ghost gestures wildly while chanting.
You hit l0ser140's ghost.
L0ser140's ghost is moderately damaged.
The ice beast completely misses you. L0ser140's ghost casts a spell at you.
You are frozen.
You die...

#..................
#..................
#.....##...........
#.....##...........
#..................
#^^................
####^........#####.
#YWY...............
#.@#Z..........∩...
##################


You could see 2 ice beasts, l0ser140's ghost and a big kobold zombie.

Vanquished Creatures
  A sky beast (D:5)
  An ice beast (Ossuary)
  A centaur (D:5)
  2 ogres
  Sigmund (D:3)
  An elf skeleton (D:6)
  A goliath beetle (D:5)
  A centaur skeleton (D:4)
  2 orc priests (D:5)
  Natasha (D:3)
  Ijyb (D:3)
  A hound skeleton (D:5)
  2 mummies (Ossuary)
  9 adders
  A shadow imp (D:5)
  4 giant geckos
  An ooze (D:3)
  13 orcs
  12 goblins
  12 hobgoblins
  6 kobolds
  3 quokkas
  A ball python (D:2)
  9 bats
  9 giant cockroaches
  6 giant newts
  A hobgoblin zombie (D:5)
  9 jackals
  A jackal zombie (Ossuary)
  An orc skeleton (D:5)
  2 orc zombies (D:6)
  13 rats
  2 fungi (D:2)
131 creatures vanquished.

Vanquished Creatures (others)
  A mummy (Ossuary)
  A gnoll zombie (Ossuary)
  A hobgoblin zombie (Ossuary)
  An orc zombie (Ossuary)
4 creatures vanquished.

Grand Total: 135 creatures vanquished

Notes
Turn   | Place    | Note
--------------------------------------------------------------
     0 | Abyss:1  | Mindmaker, the Kobold Abyssal Knight, began the quest for the Orb.
     0 | Abyss:1  | Reached XP level 1. HP: 14/14 MP: 1/1
    12 | D:1      | Escaped the Abyss
   126 | D:1      | Reached XP level 2. HP: 14/19 MP: 2/2
   485 | D:1      | Reached skill level 4 in Short Blades
   543 | D:1      | Acquired Lugonu's second power
   559 | D:1      | Found a shimmering altar of Xom.
   586 | D:1      | Reached skill level 1 in Stealth
   737 | D:1      | Reached XP level 3. HP: 21/23 MP: 3/3
  1180 | D:2      | Found an ancient bone altar of Kikubaaqudgha.
  1493 | D:2      | Found a blossoming altar of Fedhas.
  1646 | D:2      | Found an opulent altar of Gozag.
  1827 | D:2      | Reached skill level 1 in Shields
  1918 | D:2      | Found a shadowy altar of Dithmenos.
  1940 | D:2      | Reached XP level 4. HP: 25/28 MP: 5/5
  2011 | D:2      | Found a burning altar of Makhleb.
  2416 | D:3      | Noticed Sigmund
  2526 | D:3      | Acquired Lugonu's third power
  2533 | D:3      | Noticed Natasha
  2552 | D:3      | Killed Natasha
  2552 | D:3      | Reached XP level 5. HP: 9/32 MP: 6/6
  2876 | D:3      | Noticed Ijyb
  2881 | D:3      | Killed Ijyb
  2881 | D:3      | Reached skill level 5 in Stealth
  3106 | D:3      | Killed Sigmund
  3106 | D:3      | Reached skill level 6 in Stealth
  3106 | D:3      | Reached XP level 6. HP: 18/37 MP: 7/7
  3183 | D:3      | Noticed Natasha
  3472 | D:4      | Reached skill level 7 in Stealth
  3524 | D:4      | Noticed an ice beast
  3771 | D:4      | Reached skill level 1 in Evocations
  4198 | D:4      | Reached XP level 7. HP: 37/41 MP: 11/11
  4283 | D:5      | Entered Level 5 of the Dungeon
  4572 | D:5      | Found a staircase to the Ecumenical Temple.
  4606 | D:5      | Reached skill level 5 in Evocations
  4754 | D:5      | Acquired Lugonu's fourth power
  5557 | D:5      | Reached XP level 8. HP: 46/46 MP: 16/16
  5598 | D:5      | Found a deep blue altar of Sif Muna.
  5616 | D:5      | Reached skill level 5 in Dodging
  5781 | D:6      | Found a sand-covered staircase.
  5797 | Ossuary  | Entered an ossuary
  5797 | Ossuary  | Noticed l0ser140's ghost (experienced OpIE)
  6110 | Ossuary  | Slain by l0ser140's ghost

Action                   |  1- 3 |  4- 6 |  7- 9 || total
-------------------------+-------+-------+-------++-------
Melee: Short sword       |   113 |    16 |       ||   129
       Dagger            |    41 |   164 |   124 ||   329
       Falchion          |       |       |    90 ||    90
 Abil: Evoke Invisibilit |       |       |     1 ||     1
  Use: Scroll            |       |     9 |     4 ||    13
       Potion            |       |     1 |    12 ||    13
 Stab: Sleeping          |     3 |     6 |     7 ||    16
       Invisible         |       |       |     2 ||     2
  Eat: Chunk             |     9 |     9 |     4 ||    22
